 Dungeon Crawl Stone Soup version 0.30-a0-743-gbfdf073431 (webtiles) character file.

Game seed: 3428086255170937005

4464 Lavandula the Slicer (level 10, -3/79 HPs)
             Began as a Human Monk on Feb 6, 2023.
             Was a Priest of Elyvilon.
             Slain by a vampire (5 damage)
             ... on level 9 of the Dungeon.
             The game lasted 00:20:51 (9463 turns).

Lavandula the Slicer (Human Monk)                   Turns: 9463, Time: 00:20:52

Health: -3/79      AC: 13    Str: 13    XL:     10   Next: 64%
Magic:  2/11       EV: 17    Int: 10    God:    Elyvilon [***...]
Gold:   682        SH:  0    Dex: 19    Spells: 9/9 levels left

rFire   . . .      SeeInvis .    a - +0 falchion
rCold   . . .      Faith    .    (no shield)
rNeg    . . .      Spirit   .    S - +0 steam dragon scales
rPois   +          Reflect  .    u - +0 helmet
rElec   .          Harm     .    R - +1 cloak
rCorr   .          Rampage  .    A - +0 pair of gloves
Will    .....                    (no boots)
Stlth   +                        (no amulet)
HPRegen 0.33/turn                H - ring of poison resistance
MPRegen 0.12/turn                F - +4 ring of protection

@: confused
A: no striking features
a: Renounce Religion, Purification, Heal Other, Heal Self


You were on level 9 of the Dungeon.
You worshipped Elyvilon.
Elyvilon was most pleased with you.
You visited 2 branches of the dungeon, and saw 10 of its levels.
You also visited: Bailey.

You collected 762 gold pieces.
You spent 80 gold pieces at shops.

Inventory:

Hand Weapons
 a - a +0 falchion (weapon)
 t - a +0 dagger of venom
 Y - the +3 greatsling "Punk" {acid, rCorr}
   (You found it in a bailey)

   rCorr:     It protects you from acid and corrosion.
Missiles
 d - 9 poisoned darts
 j - 2 silver boomerangs
 U - a throwing net
 V - 14 boomerangs
 W - 4 datura-tipped darts
 X - 7 curare-tipped darts
Armour
 b - a +0 robe
 e - a +0 ring mail
 o - a +0 scale mail
 u - a +0 helmet (worn)
 v - a +1 animal skin
 A - a +0 pair of gloves (worn)
 I - a +0 kite shield
 K - a +3 ring mail
 R - a +1 cloak (worn)
 S - +0 steam dragon scales (worn)
Jewellery
 l - a ring of willpower
 r - a ring of protection from fire
 F - a +4 ring of protection (right hand)
 H - a ring of poison resistance (left hand)
 J - a ring of fire
 Q - a ring of wizardry
 Z - a ring of willpower
Wands
 m - a wand of roots (2) (quivered)
 E - a wand of flame (55)
 M - a wand of light (4)
Scrolls
 g - a scroll of silence
 h - a scroll of magic mapping
 k - a scroll of fog {unknown}
 p - 4 scrolls of vulnerability
 s - 3 scrolls of enchant weapon {unknown}
 y - 2 scrolls of enchant armour {unknown}
 B - 2 scrolls of noise {unknown}
 D - 2 scrolls of immolation
 L - 3 scrolls of blinking {unknown}
 P - 2 scrolls of brand weapon {unknown}
Potions
 c - 2 potions of invisibility {unknown}
 f - a potion of flight
 i - 2 potions of resistance
 n - 4 potions of might {unknown}
 w - 3 potions of haste {unknown}
 x - a potion of lignification {unknown}
 z - a potion of degeneration {unknown}
 C - 3 potions of mutation {unknown}
 G - 2 potions of berserk rage {unknown}
 O - a potion of attraction {unknown}
 T - a potion of magic {unknown}


   Skills:
 - Level 7.5 Fighting
 - Level 9.7(10.4) Short Blades
 - Level 6.1(8.7) Long Blades
 - Level 0.4 Ranged Weapons
 - Level 7.5 Dodging
 - Level 2.0 Stealth
 + Level 1.4 Invocations


You had 9 spell levels left.
You didn't know any spells.
Your spell library contained the following spells:

 Spells                   Type           Power      Damage    Failure   Level
 Cigotuvi's Dreadful Rot  Necr/Pois/Air  0%         N/A       50%         2
 Call Canine Familiar     Summ           0%         N/A       75%         3
 Portal Projectile        Hex/Tloc       0%         N/A       75%         3
 Tukima's Dance           Hex            0%         N/A       75%         3
 Dispel Undead            Necr           0%         3d6       98%         4
 Leda's Liquefaction      Hex/Erth       0%         N/A       98%         4
 Blade Hands              Tmut           0%         N/A       100%        5
 Death Channel            Necr           0%         N/A       100%        6


Dungeon Overview and Level Annotations

Branches:
Dungeon (9/15)             Temple (1/1) D:5            Lair (0/5) D:8
 Bailey (visited)
    Orc: D:9-12

Altars:
Ashenzari
Dithmenos
Elyvilon
Gozag
Makhleb
Okawaru
Sif Muna
Vehumet
Zin

Shops:
D:2 !   D:6 =


Message History

You're too confused to move!
The warg bites you but does no damage.
You hear some strange, mumbled words.
You are more confused.
The orc warrior hits you but does no damage.
You bump into the rock wall.
The warg bites you.
* * * LOW HITPOINT WARNING * * *
Something hits you but does no damage. Something bites you but does no damage.
The warg closely misses you. The orc priest closely misses you.
The orc warrior hits you but does no damage.
You don't have enough magic at the moment.
You bump into the rock wall.
The warg misses you. Something hits you but does no damage.
Something bites you but does no damage. The orc priest misses you.
The orc warrior hits you with a +0 war axe!
Elyvilon protects you from harm!
You hit something. The warg barely misses you.
Something hits you but does no damage. Something closely misses you.
The orc priest misses you. The orc warrior closely misses you.
You hit something but do no damage. The warg misses you.
You hit the orc warrior.
The orc warrior is lightly wounded.
The warg closely misses you. Something closely misses you.
Something bites you but does no damage.
An orc wizard comes into view. It is wielding a +0 dagger.
The orc priest barely misses you. The orc warrior barely misses you.
An orc comes into view. It is wielding a +0 club.
You slash something! The warg misses you. Something barely misses you.
Something bites you but does no damage.
The orc warrior hits you but does no damage.
You miss something. The warg barely misses you. Something hits you.
* * * LOW HITPOINT WARNING * * *
Something bites you.
* * * LOW HITPOINT WARNING * * *
Something draws strength from your injuries!
The orc priest hits you but does no damage.
The orc warrior hits you with a +0 war axe.
Elyvilon protects you from harm!
You closely miss something. The warg misses you.
Something hits you but does no damage. Something bites you.
You die...

########..###########
.....................
.....................
.....................
.....................
.................V...
#############.###....
### #{### . ... ##@o#
#o##o#h# ###..#o.o#
#....oo### ###......#
#.o#..## ....##...
.#.#. #.## .. $#.# #.


You could see a warg, an orc warrior, 2 orc priests and 4 orcs.

Vanquished Creatures
  Prince Ribbit (D:5)
  Grinder (D:5)
  A wyvern (D:8)
  2 steam dragons (D:8)
  4 orc warriors
  5 black bears
  An ice beast (D:7)
  2 ogres (D:5)
  6 centaurs
  A phantom (D:6)
  5 kobold brigands (Bailey)
  A gnoll sergeant (D:6)
  2 scorpions
  4 bullfrogs
  A wight (D:7)
  2 jellies
  4 killer bees (D:6)
  3 howler monkeys (D:7)
  A crimson imp (D:7)
  4 hounds
  A gnoll bouda (D:8)
  4 orc priests
  Jessica (D:3)
  6 iguanas
  3 orc wizards
  Robin (D:3)
  6 gnolls
  7 adders
  A shadow imp (D:7)
  4 white imps
  A worm (D:2)
  A dart slug (D:4)
  22 orcs
  2 endoplasms
  5 giant cockroaches
  14 goblins
  9 hobgoblins
  4 jackals (D:5)
  15 kobolds
  4 quokkas
  5 ball pythons
  6 bats
  4 frilled lizards
  2 rats (D:1)
179 creatures vanquished.

Notes
Turn   | Place    | Note
-------+----------+-------------------------------------------
     0 | D:1      | Lavandula the Human Monk began the quest for the Orb.
     0 | D:1      | Reached XP level 1. HP: 18/18 MP: 1/1
   273 | D:1      | Reached XP level 2. HP: 24/24 MP: 2/2
   645 | D:1      | Reached XP level 3. HP: 11/29 MP: 3/3
  1183 | D:2      | Found a faded altar of an unknown god.
  1226 | D:2      | Reached XP level 4. HP: 30/35 MP: 4/4
  1284 | D:2      | Found Acegh's Distillery.
  1296 | D:2      | Bought a potion of heal wounds for 50 gold pieces
  1296 | D:2      | Bought a potion of curing for 30 gold pieces
  1907 | D:3      | Noticed Robin
  1911 | D:3      | Reached skill level 5 in Long Blades
  1940 | D:3      | Killed Robin
  2053 | D:3      | Noticed Jessica
  2061 | D:3      | Killed Jessica
  2062 | D:3      | Reached XP level 5. HP: 28/41 MP: 5/5
  2998 | D:4      | Noticed a black bear
  3015 | D:4      | Reached skill level 1 in Short Blades
  3015 | D:4      | Reached XP level 6. HP: 26/47 MP: 6/6
  3031 | D:4      | Killed a black bear
  3032 | D:4      | Reached skill level 3 in Short Blades
  3260 | D:4      | Reached XP level 7. HP: 52/52 MP: 7/7
  3291 | D:4      | Reached skill level 4 in Short Blades
  3642 | D:4      | Found a radiant altar of Vehumet.
  3943 | D:5      | Entered Level 5 of the Dungeon
  3962 | D:5      | Found a staircase to the Ecumenical Temple.
  3974 | D:5      | Reached skill level 5 in Short Blades
  3984 | D:5      | Noticed Prince Ribbit
  4020 | D:5      | Killed Prince Ribbit
  4021 | D:5      | Reached skill level 6 in Short Blades
  4021 | D:5      | Reached XP level 8. HP: 25/58 MP: 8/8
  4240 | D:5      | Reached skill level 7 in Short Blades
  4390 | D:6      | Found an iron altar of Okawaru.
  4453 | D:6      | Found Hesaipeb's Jewellery Emporium.
  4742 | D:6      | Reached skill level 8 in Short Blades
  5049 | D:6      | Reached skill level 9 in Short Blades
  5049 | D:6      | Reached XP level 9. HP: 60/63 MP: 9/9
  5243 | D:6      | Identified the +0 robe of Wipue {Regen+ Dex+3}
  5537 | Temple   | Entered the Ecumenical Temple
  5560 | Temple   | Became a worshipper of Elyvilon the Healer
  5560 | Temple   | Reached * piety under Elyvilon
  5560 | Temple   | Reached ** piety under Elyvilon
  5725 | D:5      | Noticed Grinder
  5750 | D:5      | Killed Grinder
  5846 | D:5      | Found a broken altar of Ashenzari.
  6211 | D:5      | Reached skill level 5 in Fighting
  6793 | D:7      | Found a shadowy altar of Dithmenos.
  6793 | D:7      | Found a glowing silver altar of Zin.
  7189 | D:6      | Reached *** piety under Elyvilon
  7418 | D:7      | Reached XP level 10. HP: 71/79 MP: 10/10
  7998 | D:8      | Reached skill level 5 in Dodging
  8117 | D:8      | Found a staircase to the Lair.
  8323 | D:8      | HP: 3/79 [orc priest/nerve-wracking pain (14)]
  8749 | D:9      | Found a flagged portal.
  8755 | Bailey   | Entered a bailey
  8766 | Bailey   | Reached **** piety under Elyvilon
  9114 | Bailey   | Found the +3 greatsling "Punk" {acid, rCorr}
  9183 | Bailey   | Found an iron altar of Okawaru.
  9430 | D:9      | Reached skill level 1 in Invocations
  9457 | D:9      | Elyvilon protects you from harm!
  9462 | D:9      | HP: 2/79 [something (3)]
  9462 | D:9      | Elyvilon protects you from harm!
  9463 | D:9      | Slain by a vampire

Illustrated notes

Levels and vault maps discovered:
D:1:      dpeg_arrival_pits, layout_loops_corners
D:2:      layout_basic, serial_shops, shop,
          shapermc_ecumenical_altar_mp_ritualfount
D:3:      layout_basic, uniq_jessica, uniq_robin
D:4:      nicolae_cairo_tiling, layout_basic, vehumet_altar_wand_db,
          chequers_hall_statues_corner_a
D:5:      layout_loops_ring, ashenzari_conservatory_becter,
          minmay_temple_entry_from_below_a, uniq_prince_ribbit1, uniq_grinder
D:6:      kennysheep_spiral_hall, layout_gridville, lemuel_crystal_altar,
          chequers_serial_rivers_room_a, nicolae_take_the_stairs
D:7:      layout_loops_corners, jmf_multi_god_temple, minmay_fire_ice_demons
D:8:      layout_rooms, dpeg_oklobed_lair
D:9:      layout_long_grid, erik_orc_3, enter_bailey_2, uniq_maurice
Temple:   regret_index_temple_sphere_string

Skill      XL: |  1  2  3  4  5  6  7  8  9 10 |
---------------+-------------------------------+-----
Long Blades    | 4 5 6 |  6.1
Short Blades   | 1 3 6 9 |  9.7
Fighting       | 7 |  7.5
Dodging        | 7 |  7.5
Invocations    | 1 |  1.4
Ranged Weapons | |  0.4
Stealth        | |  2.0

Action                     |  1- 3 |  4- 6 |  7- 9 | 10-12 || total
---------------------------+-------+-------+-------+-------++-------
  Melee: Falchion          |    85 |   137 |    52 |   101 ||   375
         Punch             |     1 |     3 |     8 |     6 ||    18
         Dagger            |       |    51 |   407 |   253 ||   711
  Throw: Dart              |       |       |    26 |       ||    26
         Boomerang         |       |       |     5 |     1 ||     6
 Invoke: Heal Self         |       |       |       |     5 ||     5
         Purification      |       |       |       |     1 ||     1
  Evoke: Wand              |       |       |     1 |     4 ||     5
    Use: Potion            |       |     4 |       |     2 ||     6
         Scroll            |       |     5 |     3 |     2 ||    10
   Stab: Sleeping          |     2 |     3 |     4 |     1 ||    10
         Invisible         |       |       |       |     2 ||     2
 Armour: Ring mail         |    25 |     2 |   132 |    19 ||   178
         Scale mail        |       |    34 |       |       ||    34
         Animal skin       |       |    40 |    32 |       ||    72
         Steam dragon scal |       |       |       |   140 ||   140
  Dodge: Dodged            |    50 |   119 |   237 |   340 ||   746

Table legend: (Time is in decaauts)
 A = Elapsed time spent in this place.
 B = Non-inter-level travel time spent in this place.
 C = Inter-level travel time spent in this place.
 D = Time resting spent in this place.
 E = Time spent auto-exploring this place.
 F = Levels seen in this place.
 G = Mean time per level.
                   A        B        C        D        E       F      G
               +--------+--------+--------+--------+--------+-----+--------+
         Total |   9141 |   8738 |    403 |    955 |   5873 |  11 |  831.0 |
       Dungeon |   8541 |   8151 |    390 |    633 |   5793 |   9 |  949.0 |
        Temple |     36 |     23 |     13 |      0 |     15 |   1 |   36.0 |
        Bailey |    563 |    563 |      0 |    322 |     65 |   1 |  563.0 |
               +--------+--------+--------+--------+--------+-----+--------+

Top non-repeatable levels by time:
     D:6: 1349 daAuts
     D:7: 1313 daAuts
     D:5: 1090 daAuts
     D:1: 1014 daAuts
     D:3: 1011 daAuts
     D:4: 1010 daAuts
     D:2: 888 daAuts
     D:8: 769 daAuts
  Bailey: 563 daAuts
     D:9: 95 daAuts
  Temple: 36 daAuts
